 Dungeon Crawl Stone Soup version 0.29-a0-303-ge4682ce883 (webtiles) character file.

Game seed: 16399952989865952228

171743 tilp the Devastator (level 17, -14/87 HPs)
             Began as a Felid Ice Elementalist on Mar 23, 2022.
             Was the Champion of Vehumet.
             Shot with a bolt by a yaktaur captain (18 damage)
             ... on level 1 of the Vaults on Mar 26, 2022.
             The game lasted 03:22:18 (73975 turns).

tilp the Devastator (Felid Ice Elementalist)       Turns: 73975, Time: 03:22:19

Health: -14/87     AC:  7    Str:  4    XL:     17   Next: 14%
Magic:  21/32      EV: 22    Int: 29    God:    Vehumet [******]
Gold:   516        SH:  0    Dex: 18    Spells: 0/37 levels left
                                        Lives:  0   Deaths: 3

rFire   . . .      SeeInvis +     - Unarmed
rCold   + . .      Faith    .   (shield unavailable)
rNeg    . . .      Spirit   .   (body armour unavailable)
rPois   .          Reflect  .   (helmet unavailable)
rElec   .          Harm     .   (cloak unavailable)
rCorr   .          Rampage  .   (gloves unavailable)
Will    ++...                   (boots unavailable)
Stlth   +++++.....              D - amulet of magic regeneration
HPRegen 0.24/turn               B - +6 ring of intelligence
MPRegen 0.63/turn               y - +4 ring of protection

@: quick
A: very small, claws 1, fangs 3, see invisible, speed 1, shaggy fur 3, stealthy
paws, no weapons or thrown items, no armour, multi-lived
}: 1/15 runes: barnacled
a: Renounce Religion


You were on level 1 of the Vaults.
You worshipped Vehumet.
Vehumet was exalted by your worship.
You visited 8 branches of the dungeon, and saw 34 of its levels.
You visited 1 bazaar.
You also visited: Ice Cave and Volcano.

You collected 4051 gold pieces.
You spent 3535 gold pieces at shops.

Inventory:

Jewellery
 e - a ring of fire
 m - a ring of resist corrosion
 y - a +4 ring of protection (right paw)
 z - a +6 ring of intelligence
 B - a +6 ring of intelligence (left paw)
 D - an amulet of magic regeneration (around neck)
 J - a ring of flight
 K - an amulet of the acrobat
 M - an amulet of reflection
 N - a ring of poison resistance
 S - the ring "Hyxaili" {*Corrode rC+ AC+4 Str+8}
   (You found it on level 1 of the Lair of Beasts)

   [ring of protection]

   AC:        It affects your AC (+4).
   Str:       It affects your strength (+8).
   rC:        It protects you from cold.
   *Corrode:  It may corrode you when you take damage.
 V - a ring of protection from fire
Wands
 j - a wand of digging (10)
 l - a wand of flame (47)
 p - a wand of iceblast (23)
 x - a wand of acid (14)
 G - a wand of paralysis (7)
 H - a wand of charming (11)
 O - a wand of mindburst (8)
 R - a wand of polymorph (4)
Scrolls
 n - 6 scrolls of amnesia
 s - 5 scrolls of teleportation
 A - 2 scrolls of fog
 F - 4 scrolls of blinking
 I - 3 scrolls of identify
 L - 3 scrolls of fear
 P - 5 scrolls of immolation
 Q - a scroll of vulnerability
 U - a scroll of holy word
 W - a scroll of silence
Potions
 a - 5 potions of magic
 b - 2 potions of resistance
 c - 12 potions of curing
 d - 9 potions of flight
 f - 10 potions of lignification
 g - 8 potions of brilliance
 h - 3 potions of invisibility
 k - 6 potions of ambrosia
 o - 5 potions of haste
 q - 3 potions of heal wounds
 r - 5 potions of might
 t - 3 potions of berserk rage
 u - 4 potions of cancellation
 w - 7 potions of mutation
 T - 6 potions of attraction
Miscellaneous
 i - a phial of floods
 v - a tin of tremorstones (inert)
 C - a box of beasts (inert)
 E - a lightning rod (4/4)
 X - a condenser vane (inert)


   Skills:
 * Level 16.8 Fighting
 - Level 8.0 Dodging
 - Level 12.0 Stealth
 - Level 10.0 Unarmed Combat
 + Level 10.7 Spellcasting
 * Level 17.0 Conjurations
 - Level 6.0 Transmutations
 * Level 14.5 Ice Magic
 - Level 6.0 Air Magic
 - Level 8.0 Earth Magic
 - Level 10.0 Evocations


You couldn't memorise any spells.
You knew the following spells:

 Your Spells              Type           Power      Damage    Failure   Level
a - Freeze                Ice            100%       1d11      0%          1
b - Frozen Ramparts       Ice            100%       1d12      1%          3
c - Ozocubu's Armour      Ice            79%        N/A       1%          3
d - Hailstorm             Conj/Ice       82%        3d17      1%          4
e - Stone Arrow           Conj/Erth      100%       3d13      1%          3
f - Iron Shot             Conj/Erth      36%        9d7       1%          6
g - Freezing Cloud        Conj/Ice/Air   36%        6-21      1%          5
h - Irradiate             Conj/Tmut      35%        3d25      1%          5
i - Ozocubu's Refrigerat  Ice            39%        4d12      2%          7

Your spell library contained the following spells:

 Spells                   Type           Power      Damage    Failure   Level
 Polar Vortex             Ice            39%        N/A       89%         9
 Maxwell's Capacitive Co  Air            25%        ∞         98%         8
 Chain Lightning          Conj/Air       35%        3d46      99%         9
 Magic Dart               Conj           100%       1d8       0%          1
 Foxfire                  Conj/Fire      100%       2x1d9     1%          1
 Sandblast                Erth           100%       2d20      1%          1
 Sting                    Tmut/Pois      100%       1d8       1%          1
 Ensorcelled Hibernation  Hex/Ice        100%       N/A       1%          2
 Passwall                 Tmut/Erth      45%        N/A       1%          2
 Poisonous Vapours        Pois/Air       66%        N/A       1%          2
 Conjure Flame            Conj/Fire      60%        6-21      1%          3
 Dazzling Flash           Conj/Hex       100%       N/A       1%          3
 Ignite Poison            Fire/Tmut/Pois 27%        N/A       1%          3
 Mephitic Cloud           Conj/Pois/Air  56%        N/A       1%          3
 Flame Wave               Conj/Fire      60%        2d12      1%          4
 Petrify                  Tmut/Erth      54%        N/A       1%          4
 Animate Skeleton         Necr           30%        N/A       3%          1
 Apportation              Tloc           30%        N/A       3%          1
 Slow                     Hex            60%        N/A       3%          1
 Summon Small Mammal      Summ           60%        N/A       3%          1
 Inner Flame              Hex/Fire       15%        N/A       3%          3
 Spider Form              Tmut/Pois      33%        N/A       3%          3
 Metabolic Englaciation   Hex/Ice        27%        N/A       4%          5
 Call Imp                 Summ           15%        N/A       5%          2
 Blade Hands              Tmut           25%        N/A       9%          5
 Olgreb's Toxic Radiance  Pois           15%        N/A       10%         4
 Confusing Touch          Hex            15%        N/A       11%         3
 Vampiric Draining        Necr           15%        2d7       11%         3
 Borgnjor's Vile Clutch   Necr/Erth      19%        N/A       19%         5
 Simulacrum               Ice/Necr       27%        N/A       26%         6
 Silence                  Hex/Air        16%        N/A       28%         5
 Statue Form              Tmut/Erth      36%        N/A       30%         6
 Lehudib's Crystal Spear  Conj/Erth      36%        10d9      32%         8
 Anguish                  Hex/Necr       7%         N/A       34%         4
 Animate Dead             Necr           7%         N/A       34%         4
 Cause Fear               Hex            7%         N/A       34%         4
 Passage of Golubria      Tloc           15%        N/A       34%         4
 Agony                    Necr           15%        N/A       67%         5
 Death Channel            Necr           7%         N/A       99%         6
 Dispersal                Tloc           7%         N/A       99%         6
 Discord                  Hex            7%         N/A       100%        8
 Disjunction              Tloc           7%         N/A       100%        8
 Portal Projectile        Hex/Tloc       Unusable   N/A       N/A         3
 Excruciating Wounds      Necr           Unusable   N/A       N/A         5

Dungeon Overview and Level Annotations

Branches:
Dungeon (15/15)            Temple (1/1) D:5            Lair (6/6) D:9
 Shoals (4/4) Lair:2       Spider (3/4) Lair:3        Slime (0/5) Lair:6
    Orc (2/2) D:10            Elf (2/3) Orc:2        Vaults (1/5) D:14
 Depths (0/4) D:15          IceCv (visited)         Volcano (visited)

Altars:
Ashenzari
Cheibriados
Dithmenos
Elyvilon
Fedhas
Gozag
Hepliaklqana
Kikubaaqudgha
Makhleb
Nemelex Xobeh
Okawaru
Qazlal
Ru
Sif Muna
Trog
Uskayaw
Vehumet
Wu Jian
Xom
Yredelemnul
Zin
The Shining One

Shops:
D:4 *   D:6 *   D:8 =   Orc:2 [!:([   Elf:1 [   Shoals:3 *   Vaults:1 (

Portals:
Trove: D:12 (show slimy rune of Zot)

Annotations:
Shoals:3 exclusion: kraken
Spider:2 1 runed translucent door
Elf:1 3 runed translucent doors, Nomein's ghost, adept OpTm
Elf:2 3 runed translucent doors


Innate Abilities, Weirdness & Mutations

You have sharp claws.
You have razor-sharp teeth.
You have supernaturally acute eyesight. (SInv)
You cover ground quickly. (Speed+)
Your thick and shaggy fur keeps you warm. (AC +3, rC+)
Your paws help you pounce on unaware monsters.
You are incapable of wielding weapons or throwing items.
You cannot wear armour.
You gain extra lives every three experience levels.


Message History

You now have 516 gold pieces (gained 39).
You start resting.
Magic restored.
You start resting.
HP restored.
You start waiting.
Done waiting.
The helpless ironbound frostheart fails to defend itself.
You eviscerate the ironbound frostheart!!!!
You kill the ironbound frostheart!
Vehumet accepts your kill.
Things that are here:
a +0 scale mail; a human corpse You open the door.
A yaktaur captain comes into view.
The yaktaur captain shouts!
The yaktaur captain wields a +0 arbalest.
The yaktaur captain shoots a bolt.
The bolt hits you!!!
Unknown command.
You close the door.
You start resting.
A yaktaur captain opens the door.
It is wielding a +0 arbalest.
Casting: Iron Shot (dangerous; 1% risk of failure)
Confirm with . or Enter, or press ? or * to list all spells.
Aiming: Iron Shot (dangerous; 1% risk of failure)
Press: ? - help, Shift-Dir - straight line, f - yaktaur captain
Aim: a yaktaur captain, wielding a +0 arbalest (91% to hit)
The iron shot hits the yaktaur captain!!!
The yaktaur captain is heavily wounded.
The yaktaur captain shoots a bolt.
The bolt hits you!!!
* * * LOW HITPOINT WARNING * * *
Casting: Iron Shot (dangerous; 1% risk of failure)
Confirm with . or Enter, or press ? or * to list all spells.
Aiming: Iron Shot (dangerous; 1% risk of failure)
Press: ? - help, Shift-Dir - straight line, f/p - yaktaur captain
Aim: a yaktaur captain, wielding a +0 arbalest (heavily wounded, 91% to hit)
The iron shot hits the yaktaur captain!!
The yaktaur captain is almost dead.
The yaktaur captain shoots a bolt.
The bolt hits you!!
You die...

################.###.#...
#..............#.....#...
#.............)'.###.'...
#######''#######.#c#.#...
#.....').'.....#.###.#...
#.....'..'.....#.....####
#######++#############
#..)...........#
#.......@.....[#
#######'######## .c..#
........ .....#.....
....###....# ...# #...'
.##


You could see a yaktaur captain.

Vanquished Creatures
  A golden dragon (Vaults:1)
  Rupert (D:12)
  Jorgrun (D:13)
  Polyphemus (Shoals:4)
  2 sphinxes (D:15)
  Kirke (Shoals:2)
  Agnes (Spider:1)
  Donald (Shoals:3)
  Roxanne (Elf:1)
  An emperor scorpion (Spider:1)
  A frost giant (IceCv)
  A fire giant (D:15)
  2 vault wardens (Vaults:1)
  Louise (Spider:1)
  4 ghost moths
  An ironbound preserver (Vaults:1)
  A stone giant (D:15)
  3 dire elephants (Vaults:1)
  A deep elf annihilator (Elf:1)
  The ghost of Anon1729 the Nimble, a journeyman DjTm of Cheibriados (Lair:2)
  The ghost of Jamiank the Frost Mage, a journeyman NaIE of Cheibriados (Lair:2)
  7 entropy weavers
  Snorg (D:13)
  2 spark wasps (Spider:3)
  A deep elf death mage (Elf:2)
  5 merfolk javelineers
  An ettin (D:15)
  A fire dragon (D:15)
  The ghost of Musef the Slinger, a journeyman DDHu of Ru (Lair:2)
  6 merfolk impalers
  A yaktaur captain (D:15)
  A rakshasa (D:15)
  A deep elf high priest (D:15)
  8 vault guards (D:14)
  3 catoblepae
  14 hydras
  An ice dragon (D:13)
  An alligator snapping turtle (Shoals:2)
  A radroach (Lair:3)
  17 two-headed ogres
  9 boulder beetles
  6 ironbound frosthearts (Vaults:1)
  A merfolk avatar (Shoals:3)
  5 ogre magi
  8 dancing weapons
  A merfolk aquamancer (Shoals:3)
  7 satyrs
  16 centaur warriors
  A death knight (D:12)
  3 tengu warriors
  A deep troll earth mage (D:15)
  11 death yaks
  2 orc high priests (Elf:1)
  10 deep elf knights
  Sonja (Lair:3)
  A fire crab (shapeshifter) (D:13)
  6 skeletal warriors
  9 sea snakes
  6 pharaoh ants
  8 deep trolls
  3 orb spiders
  2 steelbarb worms
  8 wizards
  11 deep elf archers
  4 lindwurms
  Pikel (D:4)
  3 ironbound convokers (Vaults:1)
  21 deep elf pyromancers
  19 deep elf zephyrmancers
  5 spectral wolf spiders (Spider:3)
  The ghost of Megustar the Arsonist, a novice DEFE (D:7)
  5 orc knights
  2 wolf spider zombies (Spider:3)
  8 cyclopes
  2 orc sorcerers
  33 wolf spiders
  25 fauns
  25 ugly things
  An oklob plant (Lair:3)
  15 manticores
  A shining eye (shapeshifter) (Elf:2)
  8 merfolk sirens
  3 moths of wrath
  14 elephants
  5 toenail golems (Volcano)
  Maurice (D:12)
  An ice statue (IceCv)
  5 water nymphs
  6 black mambas
  5 torpor snails
  20 cane toads
  2 vault sentinels (Vaults:1)
  An unseen horror (shapeshifter) (D:15)
  A gargoyle (D:12)
  An unseen horror (D:12)
  An efreet (D:15)
  3 rime drakes
  4 komodo dragons
  A freezing wraith (D:12)
  6 yaktaurs
  3 demonic crawlers
  A yaktaur (shapeshifter) (D:15)
  A queen bee (shapeshifter) (D:15)
  3 meliai (D:14)
  12 trolls
  3 tengu conjurers
  A meliai (shapeshifter) (D:13)
  14 polar bears
  23 merfolk
  18 tarantellas
  5 wind drakes
  5 wolf spider simulacra (Spider:3)
  Grinder (D:6)
  8 snapping turtles
  8 blink frogs
  2 hornets (Lair:6)
  19 slime creatures
  9 dream sheep
  15 jumping spiders
  Sigmund (D:6)
  20 culicivoras
  A centaur simulacrum (D:15)
  61 yaks
  4 air elementals
  3 shadows
  5 wyverns
  3 vampires
  16 water elementals
  2 basilisks
  5 wraiths
  A human (Shoals:2)
  A hog (shapeshifter) (D:15)
  45 redbacks
  A basilisk (shapeshifter) (D:13)
  A fire elemental (Elf:1)
  4 hogs (Shoals:2)
  A human (shapeshifter) (D:15)
  3 steam dragons
  Menkaure (D:6)
  10 vampire mosquitoes
  4 swamp worms (Lair:1)
  An acid dragon (D:13)
  2 wargs
  A floating eye (shapeshifter) (Elf:1)
  14 water moccasins
  2 ice beasts
  15 orc warriors
  5 sky beasts
  7 black bears
  3 centaurs
  29 ogres
  48 wolves
  A phantom (D:5)
  5 kobold brigands
  Blork the orc (D:6)
  6 bullfrogs
  A gnoll sergeant (D:10)
  2 scorpions
  An earth elemental (Elf:1)
  19 killer bees
  An electric eel (Spider:1)
  10 howler monkeys
  4 quasits (D:7)
  4 hounds
  11 orc priests
  14 jellies
  Ijyb (D:3)
  3 iguanas
  15 orc wizards
  Robin (D:2)
  8 gnolls
  7 adders
  3 white imps
  An ufetubus (D:5)
  A worm (D:3)
  57 orcs
  6 bats
  7 endoplasms
  4 giant cockroaches
  15 goblins
  6 hobgoblins
  4 jackals (D:3)
  21 kobolds
  2 quokkas
  9 ball pythons
  3 frilled lizards
  6 rats
  5 briar patches (Lair:1)
  A butterfly (Lair:6)
1233 creatures vanquished.

Vanquished Creatures (collateral kills)
  A lindwurm (Vaults:1)
1 creature vanquished.

Vanquished Creatures (others)
  A death yak (Shoals:4)
  A wolf spider (Spider:2)
  55 fungi
  279 plants
  4 tentacles (Shoals:1)
340 creatures vanquished.

Grand Total: 1574 creatures vanquished

Notes
Turn   | Place    | Note
-------+----------+-------------------------------------------
     0 | D:1      | tilp the Felid Ice Elementalist began the quest for the
                  | Orb.
     0 | D:1      | Reached XP level 1. HP: 7/7 MP: 4/4
    43 | D:1      | Reached XP level 2. HP: 3/12 MP: 1/6
   593 | D:1      | Reached skill level 1 in Fighting
   755 | D:1      | Found a faded altar of an unknown god.
   851 | D:1      | Reached XP level 3. HP: 14/15 MP: 1/7
   855 | D:1      | Learned a level 3 spell: Frozen Ramparts
  1308 | D:2      | You fall into a shaft and drop 2 floors!
  1330 | D:4      | Reached XP level 4. HP: 11/19 MP: 2/9
  1578 | D:4      | Noticed an ogre
  1607 | D:3      | Learned a level 3 spell: Ozocubu's Armour
  1981 | D:5      | Entered Level 5 of the Dungeon
  2234 | D:4      | Reached skill level 5 in Ice Magic
  2234 | D:4      | Reached XP level 5. HP: 22/22 MP: 3/10
  2422 | D:4      | Identified the +4 hand axe "Licviel" {pain, rPois rF-
                  | Str+5}
  2605 | D:4      | Found Mytynti's Gadget Gallery.
  3112 | D:3      | Gained mutation: You are covered in thick fur. (AC +2)
                  | [Felid growth]
  3112 | D:3      | Reached XP level 6. HP: 24/26 MP: 4/11
  3364 | D:3      | Learned a level 4 spell: Hailstorm
  3492 | D:3      | Noticed Ijyb
  3669 | D:2      | Found Awahog's Distillery.
  3853 | D:2      | Noticed Robin
  4075 | D:2      | Killed Robin
  4392 | D:2      | Bought a potion of might for 52 gold pieces
  4392 | D:2      | Bought a potion of heal wounds for 65 gold pieces
  4392 | D:2      | Bought a potion of curing for 39 gold pieces
  4621 | D:4      | Noticed Pikel
  4668 | D:4      | Killed Pikel
  4669 | D:4      | Reached skill level 5 in Stealth
  4669 | D:4      | Reached XP level 7. HP: 32/32 MP: 3/12
  4746 | D:4      | Found an ancient bone altar of Kikubaaqudgha.
  4972 | D:5      | Reached skill level 1 in Conjurations
  5070 | D:5      | Reached XP level 8. HP: 36/36 MP: 13/13
  5166 | D:5      | Reached skill level 2 in Conjurations
  5444 | D:2      | Bought a potion of degeneration for 13 gold pieces
  5872 | D:5      | Found a staircase to the Ecumenical Temple.
  6029 | D:5      | Reached skill level 3 in Conjurations
  6109 | Temple   | Entered the Ecumenical Temple
  6263 | Temple   | Became a worshipper of Vehumet
  6382 | D:5      | Learned a level 3 spell: Stone Arrow
  6617 | D:6      | Noticed Menkaure
  6623 | D:6      | Noticed Blork the orc
  6652 | D:6      | Found Poskunefemm's General Store.
  6907 | D:6      | Reached skill level 5 in Fighting
  7010 | D:6      | Reached skill level 1 in Earth Magic
  7093 | D:6      | Noticed Sigmund
  7180 | D:6      | Noticed Grinder
  7566 | D:4      | Reached skill level 4 in Conjurations
  7983 | D:6      | Reached XP level 9. HP: 40/40 MP: 6/16
  8294 | D:7      | Found a basalt altar of Yredelemnul.
  8578 | D:7      | Found a transporter.
  8583 | D:7      | Found a transporter.
  8946 | D:7      | Noticed Megustar's ghost (novice DEFE)
  9182 | D:8      | Found Ziabryhi's Jewellery Shoppe.
  9246 | D:8      | Reached skill level 5 in Conjurations
  9452 | D:8      | Found an ornate altar of the Wu Jian Council.
  9486 | D:8      | Noticed a two-headed ogre
 10035 | D:8      | Reached * piety under Vehumet
 10035 | D:8      | Offered knowledge of Shock by Vehumet.
 10290 | D:8      | Noticed a two-headed ogre
 10310 | D:8      | Reached skill level 5 in Spellcasting
 10553 | D:8      | Killed a two-headed ogre
 10554 | D:8      | Reached skill level 6 in Conjurations
 10665 | D:9      | Reached XP level 10. HP: 45/45 MP: 5/18
 10855 | D:9      | Reached skill level 7 in Conjurations
 11135 | D:9      | Noticed a two-headed ogre
 11166 | D:9      | Killed a two-headed ogre
 11167 | D:9      | Reached skill level 8 in Conjurations
 11353 | D:9      | Reached skill level 1 in Evocations
 11589 | D:9      | Noticed a boulder beetle
 11694 | D:9      | Found a staircase to the Lair.
 12102 | D:10     | Entered Level 10 of the Dungeon
 12378 | D:10     | Offered knowledge of Static Discharge by Vehumet.
 12386 | D:10     | Reached ** piety under Vehumet
 12759 | D:10     | Reached skill level 5 in Dodging
 13547 | D:10     | Reached XP level 11. HP: 50/50 MP: 5/19
 13890 | D:10     | Offered knowledge of Conjure Flame by Vehumet.
 13990 | D:10     | Found a staircase to the Orcish Mines.
 14038 | D:10     | Noticed a two-headed ogre
 14518 | D:3      | Killed Ijyb
 14685 | D:11     | Noticed an ogre mage
 14690 | D:11     | Noticed a two-headed ogre
 14900 | D:11     | Noticed a brown ugly thing
 14968 | D:11     | Noticed a five-headed hydra
 15123 | D:11     | Killed a brown ugly thing
 15305 | D:11     | Reached *** piety under Vehumet
 15616 | D:11     | Noticed a two-headed ogre
 15708 | D:6      | Killed Menkaure
 15769 | D:6      | Killed Grinder
 15991 | D:6      | Killed Sigmund
 16142 | D:6      | Killed Blork the orc
 16348 | D:7      | Killed Megustar's ghost
 16505 | D:8      | Bought an amulet of magic regeneration for 360 gold pieces
 16588 | D:8      | Killed a two-headed ogre
 16615 | D:8      | Found a burning altar of Makhleb.
 16615 | D:8      | Noticed a green death
 16693 | Lair:1   | Entered Level 1 of the Lair of Beasts
 16978 | Lair:1   | Offered knowledge of Sticky Flame by Vehumet.
 17029 | Lair:1   | Reached skill level 9 in Conjurations
 17102 | Lair:1   | Found a transporter.
 17120 | Lair:1   | Found a transporter.
 17166 | Lair:1   | Gained mutation: Your thick and shaggy fur keeps you warm.
                  | (AC +3, rC+) [Felid growth]
 17166 | Lair:1   | Reached XP level 12. HP: 56/56 MP: 6/21
 18048 | Lair:2   | Reached **** piety under Vehumet
 18231 | Lair:2   | Noticed a seven-headed hydra
 18413 | Lair:2   | Offered knowledge of Ignite Poison by Vehumet.
 18629 | Lair:2   | Found a staircase to the Shoals.
 19074 | Lair:2   | Found a runed translucent gate.
 19077 | Lair:2   | Found a runed translucent gate.
 19077 | Lair:2   | Found a runed translucent gate.
 19078 | Lair:2   | Noticed Anon1729's ghost (journeyman DjTm)
 19078 | Lair:2   | Noticed Jamiank's ghost (journeyman NaIE)
 19078 | Lair:2   | Noticed Musef's ghost (journeyman DDHu)
 19696 | Lair:3   | Reached skill level 10 in Conjurations
 19696 | Lair:3   | Reached skill level 10 in Ice Magic
 19956 | Lair:3   | Noticed Sonja
 19962 | Lair:3   | Killed Sonja
 19963 | Lair:3   | Reached skill level 10 in Fighting
 20000 | Lair:3   | Found a hole to the Spider Nest.
 20129 | Lair:3   | Found a shadowy altar of Dithmenos.
 20161 | Lair:3   | Noticed a seven-headed hydra
 20288 | Lair:3   | Killed a seven-headed hydra
 20461 | Lair:3   | Noticed a catoblepas
 20485 | Lair:3   | Killed a catoblepas
 20811 | Lair:4   | Reached skill level 5 in Unarmed Combat
 20824 | Lair:4   | You fall into a shaft and drop 1 floor!
 20859 | Lair:4   | Reached XP level 13. HP: 62/62 MP: 18/24
 20867 | Lair:4   | Found a dark tunnel.
 20876 | Volcano  | Entered a volcano
 21050 | Volcano  | Reached ***** piety under Vehumet
 21052 | Volcano  | Reached skill level 5 in Evocations
 21178 | Volcano  | Offered knowledge of Airstrike by Vehumet.
 23673 | Lair:5   | Identified the +9 shortbow of Mucuxax {freeze, rPois rF+}
 23838 | Lair:5   | Reached skill level 10 in Stealth
 24034 | Lair:6   | Entered Level 6 of the Lair of Beasts
 24462 | Lair:6   | Found a staircase to the Slime Pits.
 25373 | Lair:6   | Reached XP level 14. HP: 69/69 MP: 12/25
 26487 | Lair:6   | Offered knowledge of Iron Shot by Vehumet.
 26495 | Lair:6   | Learned a level 6 spell: Iron Shot
 27088 | Lair:6   | Identified the +2 trident of Putrescence {vorpal, Int+4}
 27901 | D:10     | Learned a level 5 spell: Freezing Cloud
 27954 | Orc:1    | Entered Level 1 of the Orcish Mines
 28380 | Orc:1    | Upgraded the game from 0.29-a0-298-g3c90f9a769 to
                  | 0.29-a0-299-g4c793a2ed2
 28385 | Orc:2    | Entered Level 2 of the Orcish Mines
 28638 | Orc:2    | Found a staircase to the Elven Halls.
 28848 | Orc:2    | Reached skill level 1 in Air Magic
 29255 | Orc:2    | Reached skill level 11 in Conjurations
 29274 | Orc:2    | Found Evirae's Book Shop.
 29276 | Orc:2    | Found Javvilli's Antique Armour Shoppe.
 29284 | Orc:2    | Found Qiotis's Antique Weapon Boutique.
 29285 | Orc:2    | Found Fita's Distillery.
 29343 | Orc:2    | Offered knowledge of Lee's Rapid Deconstruction by Vehumet.
 29705 | Orc:2    | Reached skill level 5 in Earth Magic
 29930 | Orc:2    | Found Walab's Armour Shoppe.
 30464 | D:12     | Noticed Maurice
 30471 | D:12     | Killed Maurice
 30488 | D:12     | Noticed Rupert
 30572 | D:12     | Reached XP level 15. HP: 8/73 MP: 4/27
 31886 | D:10     | Found a staircase to the Orcish Mines.
 32397 | D:13     | Found a frozen archway.
 32501 | IceCv    | Entered an ice cave
 33702 | IceCv    | Noticed a frost giant
 33717 | IceCv    | Killed a frost giant
 34283 | IceCv    | Got the Handbook of the Snowflakes
 34475 | D:13     | Noticed Snorg
 34932 | D:13     | Reached skill level 5 in Air Magic
 35106 | D:13     | Noticed Jorgrun
 35475 | D:14     | Reached ****** piety under Vehumet
 35740 | D:14     | Found a broken altar of Ashenzari.
 35745 | D:14     | Reached skill level 12 in Conjurations
 37119 | D:14     | Found a gate to the Vaults.
 37479 | D:15     | Entered Level 15 of the Dungeon
 37749 | D:15     | Reached XP level 16. HP: 72/79 MP: 14/29
 37913 | D:15     | Offered knowledge of Lightning Bolt by Vehumet.
 38162 | D:15     | Found a glowing golden altar of the Shining One.
 38162 | D:15     | Found a shimmering blue altar of Sif Muna.
 38925 | D:15     | Found a staircase to the Depths.
 39139 | D:8      | Bought a ring of poison resistance for 240 gold pieces
 39193 | D:4      | Bought a wand of mindburst (10) for 168 gold pieces
 39814 | Shoals:1 | Entered Level 1 of the Shoals
 40278 | Shoals:1 | Reached skill level 13 in Conjurations
 40806 | Shoals:1 | Noticed a kraken
 41189 | Shoals:1 | Reached skill level 15 in Fighting
 43411 | Shoals:2 | Noticed Kirke
 43416 | Shoals:2 | Killed Kirke
 43457 | Shoals:2 | Offered knowledge of Eringya's Noxious Bog by Vehumet.
 44148 | Shoals:3 | Noticed a kraken
 44439 | Shoals:3 | Found Ycwipp's General Store.
 44742 | Shoals:3 | Reached skill level 14 in Conjurations
 44882 | Shoals:3 | Noticed Donald
 45121 | Spider:1 | Entered Level 1 of the Spider Nest
 45536 | Spider:1 | HP: 4/81 [redback (13)]
 45536 | Spider:1 | HP: 1/81 [redback (3)]
 45536 | Spider:1 | Slain by a redback
 45537 | Spider:1 | Reached XP level 15. HP: -3/77 MP: 22/29
 45753 | Spider:1 | Noticed Louise
 45786 | Spider:1 | Noticed Agnes
 45792 | Spider:1 | Killed Agnes
 46227 | Spider:1 | Killed Louise
 47241 | Spider:1 | Reached XP level 16. HP: 81/81 MP: 23/30
 47977 | Spider:1 | Offered knowledge of Irradiate by Vehumet.
 47984 | Spider:1 | Learned a level 5 spell: Irradiate
 48332 | Spider:1 | Upgraded the game from 0.29-a0-299-g4c793a2ed2 to
                  | 0.29-a0-303-ge4682ce883
 48393 | Spider:2 | Reached skill level 1 in Transmutations
 49515 | Spider:2 | Reached skill level 15 in Conjurations
 50022 | Spider:2 | HP: 4/81 [wolf spider simulacrum (13)]
 51592 | Spider:2 | Found a runed translucent door.
 51614 | Spider:3 | Offered knowledge of Ignition by Vehumet.
 51615 | Spider:3 | Reached skill level 5 in Transmutations
 56761 | Lair:1   | Identified the ring "Hyxaili" {*Corrode rC+ AC+4 Str+8}
 56847 | Lair:2   | Killed Musef's ghost
 56850 | Lair:2   | Killed Anon1729's ghost
 56855 | Lair:2   | Killed Jamiank's ghost
 56856 | Lair:2   | Reached XP level 17. HP: 32/85 MP: 1/31
 57187 | Lair:2   | Identified the +6 plate armour "Zihy" {rElec rCorr SInv}
 57425 | D:15     | Found a hide-covered altar of Uskayaw.
 59699 | D:15     | Identified the +13 plate armour of Context {rC+ Stlth+}
 60456 | D:15     | Identified the +6 hand axe of Yxazohyv {vorpal, rElec
                  | Int+6}
 62034 | Shoals:3 | Killed Donald
 62534 | Shoals:4 | Entered Level 4 of the Shoals
 62735 | Shoals:4 | Got a barnacled rune of Zot
 63278 | Shoals:4 | Reached skill level 16 in Conjurations
 63483 | Shoals:4 | Offered knowledge of Chain Lightning by Vehumet.
 63483 | Shoals:4 | Offered knowledge of Polar Vortex by Vehumet.
 63483 | Shoals:4 | Offered knowledge of Maxwell's Capacitive Coupling by
                  | Vehumet.
 63813 | Shoals:4 | Identified the +4 chain mail of Benevolence {rF+}
 64092 | Shoals:4 | Reached XP level 18. HP: 90/90 MP: 12/32
 64164 | Shoals:4 | Reached skill level 10 in Spellcasting
 64843 | Shoals:4 | Noticed Polyphemus
 64849 | Shoals:4 | Killed Polyphemus
 65323 | Elf:1    | Entered Level 1 of the Elven Halls
 65669 | Elf:1    | Noticed Roxanne
 65676 | Elf:1    | Paralysed by an air elemental for 1 turns
 65815 | Elf:1    | Identified the +0 leather armour "Anyrepoi" {-Cast rElec
                  | rC+++ Str-4}
 65854 | Elf:1    | Found Xintufa's Antique Armour Shop.
 66128 | Elf:1    | Noticed Nomein's ghost (adept OpTm)
 66129 | Elf:1    | Found a runed translucent gate.
 66129 | Elf:1    | Found a runed translucent gate.
 66129 | Elf:1    | Found a runed translucent gate.
 66473 | Elf:1    | Reached skill level 10 in Evocations
 67467 | Elf:1    | Killed Roxanne
 67590 | Elf:2    | Found an ancient bone altar of Kikubaaqudgha.
 67604 | Elf:2    | Paralysed by an air elemental for 1 turns
 67643 | Elf:2    | Found a flickering gateway to a bazaar.
 67671 | Bazaar   | Entered a bazaar
 67671 | Bazaar   | Found Tairusid's Antique Weapon Shoppe.
 67671 | Bazaar   | Found Viro's Book Shop.
 67822 | Bazaar   | Found Koumn's Armour Emporium.
 67822 | Bazaar   | Found Zikhlagua's Book Shop.
 67888 | Bazaar   | Learned a level 7 spell: Ozocubu's Refrigeration
 69277 | Elf:2    | Found a runed translucent gate.
 69277 | Elf:2    | Found a runed translucent gate.
 69277 | Elf:2    | Found a runed translucent gate.
 69613 | D:12     | Killed Rupert
 69681 | D:12     | Found a portal to a secret trove of treasure.
 69916 | D:2      | Bought a potion of curing for 39 gold pieces
 69916 | D:2      | Bought 2 potions of attraction for 78 gold pieces
 69916 | D:2      | Bought a potion of ambrosia for 104 gold pieces
 69916 | D:2      | Bought a potion of mutation for 104 gold pieces
 70014 | D:6      | Bought 2 potions of ambrosia for 208 gold pieces
 70014 | D:6      | Bought a potion of lignification for 39 gold pieces
 70014 | D:6      | Bought a phial of floods for 520 gold pieces
 70187 | Orc:2    | Bought a potion of curing for 45 gold pieces
 70187 | Orc:2    | Bought a potion of curing for 45 gold pieces
 70187 | Orc:2    | Bought a potion of magic for 120 gold pieces
 70388 | D:4      | Bought a tin of tremorstones (2/2) for 480 gold pieces
 70388 | D:4      | Bought a box of beasts for 480 gold pieces
 70388 | D:4      | Bought a wand of acid (10) for 336 gold pieces
 70558 | D:13     | Killed Jorgrun
 70905 | D:13     | Killed Snorg
 71036 | Vaults:1 | Entered Level 1 of the Vaults
 71133 | Vaults:1 | Reached skill level 10 in Unarmed Combat
 72452 | Vaults:1 | Noticed a golden dragon
 72455 | Vaults:1 | Killed a golden dragon
 72456 | Vaults:1 | Reached XP level 19. HP: 88/95 MP: 34/34
 72493 | Vaults:1 | HP: 1/95 [yaktaur captain/bolt (28)]
 73012 | Vaults:1 | Killed from afar by a lindwurm
 73013 | Vaults:1 | Reached XP level 18. HP: -4/91 MP: 14/33
 73287 | Vaults:1 | Annihilated by a titanic slime creature
 73288 | Vaults:1 | Reached XP level 17. HP: -32/87 MP: 5/32
 73288 | Vaults:1 | Found Rogerch's Antique Weapon Shop.
 73751 | Vaults:1 | Reached skill level 17 in Conjurations
 73974 | Vaults:1 | HP: 4/87 [yaktaur captain/bolt (43)]
 73975 | Vaults:1 | Shot with a bolt by a yaktaur captain

Illustrated notes

Levels and vault maps discovered:
D:1:      sevenhm_arrival_forest_fort_small_4, layout_rooms,
          basic_ecumenical_altar
D:2:      layout_basic, serial_shops, shop, uniq_robin
D:3:      layout_basic, uniq_ijyb
D:4:      layout_rooms, mainiacjoe_overflow_small_starburst,
          minmay_misc_feat_pillars, nicolae_shop_gadgets, uniq_pikel
D:5:      layout_loops_ring, minmay_temple_entry_enclosed_plants
D:6:      layout_basic, serial_shops, nicolae_diamond_shop,
          kennysheep_generic_room_8, uniq_sigmund, uniq_grinder, uniq_menkaure,
          uniq_blork_the_orc
D:7:      layout_cave_pools, mainiacjoe_overflow_tiny_flanked,
          gammafunk_ghost_stat_death
D:8:      layout_gridville, nicolae_wu_jian_wuxing_cycle,
          makhleb_altar_promises_db, serial_shops, nicolae_shop_crystal,
          hangedman_decor_peaks_small
D:9:      layout_roguey, lair_entry_dummy, nzn_sisyphean_effort
D:10:     layout_irregular_city, david_orc_4, kennysheep_kite_vault
D:11:     layout_rooms
D:12:     layout_basic, nicolae_trove_entry_isolated, uniq_rupert, uniq_maurice
D:13:     layout_gridville, portal_ice_cave_entry_animals_and_master,
          uniq_jorgrun, uniq_snorg
D:14:     layout_roguey, erik_vaults_2, dreamdust_princess_bridge,
          ashenzari_conservatory_becter
D:15:     hangedman_slaughterboxes
Temple:   mainiacjoe_temple_coin_purse
Lair:1:   gammafunk_worm_tunnel, layout_big_grid
Lair:2:   layout_gridlike, elwin_shoals_entry_stream, gammafunk_ghost_cemetery,
          grunt_megastairs_3
Lair:3:   layout_chaotic_city, dummy_spider_entry, lemuel_oklob_altar,
          lemuel_fruit_fields, uniq_sonja
Lair:4:   layout_loops_ring, nicolae_volcano_entry_hallway
Lair:5:   layout_cave_pods
Lair:6:   hangedman_lair_in_review, layout_regular_city,
          minmay_slime_entry_jelly_boxes, eino_small_chamber_without_monster,
          lemuel_fruit_fields
Shoals:1: layout_shoals
Shoals:2: layout_shoals, uniq_kirke
Shoals:3: cheibrodos_shoals_oceanic_diplomacy, layout_shoals, serial_shops,
          nicolae_shop_behind_doors, uniq_donald
Shoals:4: shoals_end_grunt_garden, layout_shoals, uniq_polyphemus
Spider:1: layout_spider_delve, uniq_louise, uniq_agnes
Spider:2: cheibrodos_spider_deadly_dance
Spider:3: layout_spider_delve, nicolae_spider_undead_wolf_pack
Orc:1:    layout_caves
Orc:2:    st_orc_open, layout_caves, serial_shops, nicolae_shop_trees
Elf:1:    nicolae_elf_arrival_no_cutting_in_line, layout_rooms,
          ebering_ghost_rock_garden, minmay_elf_annihilation, minmay_shop_star,
          uniq_aizul, uniq_roxanne
Elf:2:    nicolae_elf_blades_splatter_lattice [nicolae_blade_little_rooms],
          layout_loops_cross, basic_altar, serial_shops, bzr_entry_islet,
          uniq_azrael
Vaults:1: v_rooms_4, nicolae_vaults_little_squares_6,
          nicolae_vaults_specimen_jars, v_alt_pattern_6, st_lines,
          v_alt_pattern_2, hangedman_vaults_impose,
          nicolae_vaults_windows_and_doors_thing, vaults_room_fours,
          vaults_room_ringed_pool, nicolae_vaults_network_quincunx
          [nicolae_vaults_network_quincunx_subvault,
          nicolae_vaults_network_quincunx_subvault,
          nicolae_vaults_network_quincunx_subvault,
          nicolae_vaults_network_quincunx_subvault,
          nicolae_vaults_network_quincunx_subvault],
          nicolae_vaults_little_squares_3, v_misc_22,
          ontoclasm_vaults_claustrophobia, layout_vaults_omnibox, serial_shops,
          shop

Skill      XL: |  1  2  3  4  5  6  7  8  9 10 11 12 13 14 15 16 17 18 |
---------------+-------------------------------------------------------+-----
Ice Magic      | 4 5 6 7 8 9 10 11 12 13 14 | 14.5
Fighting       | 1 2 4 5 6 7 8 10 12 13 14 15 16 | 16.8
Spellcasting   | 3 4 5 7 8 9 10 | 10.7
Dodging        | 4 5 6 8 |  8.0
Stealth        | 5 6 7 8 10 12 | 12.0
Unarmed Combat | 2 3 4 5 8 9 10 | 10.0
Conjurations   | 1 4 6 8 9 10 11 12 15 17 | 17.0
Earth Magic    | 1 3 4 5 7 8 |  8.0
Evocations     | 2 4 7 8 9 10 | 10.0
Air Magic      | 3 6 |  6.0
Transmutations | 6 |  6.0

Action                   |  1- 3 |  4- 6 |  7- 9 | 10-12 | 13-15 | 16-18 | 19-21 || total
-------------------------+-------+-------+-------+-------+-------+-------+-------++-------
Melee: Unarmed           |    10 |    24 |    38 |    55 |   114 |    94 |       ||   335
       Bite              |       |     4 |     2 |    15 |    27 |    19 |       ||    67
       Punch             |       |       |       |     3 |    11 |     6 |       ||    20
 Cast: Freeze            |    32 |    30 |    25 |    10 |     6 |     5 |       ||   108
       Frozen Ramparts   |     3 |    27 |    25 |    63 |    78 |     8 |       ||   204
       Ozocubu's Armour  |       |    12 |    19 |    46 |    83 |    58 |       ||   218
       Stone Arrow       |       |       |    46 |   162 |   397 |   132 |    10 ||   747
       Hailstorm         |       |       |     3 |    38 |    48 |    16 |       ||   105
       Freezing Cloud    |       |       |       |       |   113 |   252 |       ||   365
       Iron Shot         |       |       |       |       |   104 |   550 |     4 ||   658
       Irradiate         |       |       |       |       |       |    19 |       ||    19
Evoke: Wand              |       |       |       |     4 |     5 |    23 |       ||    32
       Lightning rod     |       |       |       |     5 |       |       |       ||     5
       Tin of tremorston |       |       |       |       |       |     2 |       ||     2
       Condenser vane    |       |       |       |       |       |     1 |       ||     1
       Box of beasts     |       |       |       |       |       |     1 |       ||     1
  Use: Scroll            |     1 |       |    15 |     4 |     6 |     9 |     1 ||    36
       Potion            |       |       |       |     1 |     3 |     8 |     2 ||    14
 Stab: Sleeping          |     5 |     6 |     6 |     5 |    22 |    16 |       ||    60
       Paralysed         |       |       |       |       |       |     2 |       ||     2
Armor: Skin              |       |     6 |    15 |    43 |    75 |    69 |     1 ||   209
Dodge: Dodged            |    18 |    56 |    61 |   206 |   282 |   399 |    12 ||  1034
Block: Other             |       |       |       |       |       |     3 |       ||     3
       Reflection        |       |       |       |       |       |     3 |       ||     3

Table legend: (Time is in decaauts)
 A = Elapsed time spent in this place.
 B = Non-inter-level travel time spent in this place.
 C = Inter-level travel time spent in this place.
 D = Time resting spent in this place.
 E = Time spent auto-exploring this place.
 F = Levels seen in this place.
 G = Mean time per level.
                   A        B        C        D        E       F      G
               +--------+--------+--------+--------+--------+-----+--------+
         Total |  68502 |  62358 |   6144 |  32476 |  19905 |  37 | 1851.4 |
       Dungeon |  26801 |  23156 |   3645 |   9323 |  10175 |  15 | 1786.7 |
        Temple |    141 |    113 |     28 |      0 |    100 |   1 |  141.0 |
          Lair |  11456 |  10421 |   1035 |   4152 |   4579 |   6 | 1909.3 |
        Shoals |   9230 |   8631 |    599 |   5663 |   1477 |   4 | 2307.5 |
   Spider Nest |  10252 |   9842 |    410 |   7473 |   1392 |   3 | 3417.3 |
  Orcish Mines |   1935 |   1793 |    142 |    493 |    852 |   2 |  967.5 |
   Elven Halls |   3625 |   3455 |    170 |   2181 |    810 |   2 | 1812.5 |
        Vaults |   2750 |   2637 |    113 |   1787 |    274 |   1 | 2750.0 |
        Bazaar |    212 |    212 |      0 |    149 |     42 |   1 |  212.0 |
      Ice Cave |   1807 |   1807 |      0 |   1175 |    202 |   1 | 1807.0 |
       Volcano |    288 |    288 |      0 |     78 |      0 |   1 |  288.0 |
               +--------+--------+--------+--------+--------+-----+--------+

Top non-repeatable levels by time:
    D:15: 4395 daAuts
Spider:3: 3818 daAuts
Spider:1: 3685 daAuts
    D:10: 3355 daAuts
  Lair:6: 2904 daAuts
Shoals:3: 2840 daAuts
Vaults:1: 2750 daAuts
Spider:2: 2748 daAuts
Shoals:2: 2309 daAuts
    D:14: 2156 daAuts
   Elf:1: 2099 daAuts
  Lair:2: 2077 daAuts
     D:6: 2075 daAuts
Shoals:4: 2068 daAuts
  Lair:1: 2067 daAuts
